 Dungeon Sprint DCSS version 0.27-a0-1291-geefcff550b (webtiles) character file.

Game seed: 6813073697038565062

93933 mhtbhm the Archmage (level 15, -28/78 HPs)
             Began as a Deep Elf Earth Elementalist on June 16, 2021.
             Was the Champion of Vehumet.
             Killed from afar by Sojobo (44 damage)
             ... with a bolt of lightning
             ... in the Dungeon (Sprint IX: "|||||||||||||||||||||||||||||").
             The game lasted 00:23:35 (11357 turns).

mhtbhm the Archmage (Deep Elf Earth Elementalist)  Turns: 11357, Time: 00:23:36

Health: -28/78     AC: 12    Str:  5    XL:     15   Next: 62%
Magic:  7/48       EV: 17    Int: 29    God:    Vehumet [******]
Gold:   178        SH:  0    Dex: 15    Spells: 27/68 levels left

rFire    . . .     SeeInvis .   C - +11 quarterstaff of Esithr Lahi {vorpal, rC+ Int+2 Stlth+}
rCold    + . .     Faith    .   (shield currently unavailable)
rNeg     . . .     Spirit   .   b - +2 robe {Will+}
rPois    +         Reflect  .   w - +0 helmet
rElec    .         Harm     .   D - +1 cloak {Will+}
rCorr    .         Rampage  .   E - +1 pair of gloves
Will     +++..     NoTele   +   x - +0 pair of boots
Stlth    +++++.....             (no amulet)
HPRegen  0.23/turn              G - ring of poison resistance
MPRegen  0.31/turn              o - +2 ring of protection

@: no status effects
A: no striking features
a: Renounce Religion


You were in the Dungeon.
You worshipped Vehumet.
Vehumet was exalted by your worship.
You visited 1 branch You collected 1921 gold pieces.
You spent 1743 gold pieces at shops.

Inventory:

Hand Weapons
 l - a +2 rapier of draining
 C - the +11 quarterstaff of Esithr Lahi (weapon) {vorpal, rC+ Int+2 Stlth+}
   (You bought it in a shop in the Dungeon)

   It inflicts extra damage upon your enemies.
   It affects your intelligence (+2).
   It protects you from cold.
   It makes you more stealthy.
Missiles
 p - 9 silver boomerangs
 v - 13 poisoned darts
 z - 16 javelins
 I - a throwing net
Armour
 b - a +2 robe of willpower (worn)
 w - a +0 helmet (worn)
 x - a +0 pair of boots (worn)
 y - a +0 cloak of preservation
 D - a +1 cloak of willpower (worn)
 E - a +1 pair of gloves (worn)
Jewellery
 o - a +2 ring of protection (right hand)
 q - the ring "Toqedosa" {rF+ Str+2}
   (You found it in the Dungeon)

   [ring of protection from fire]

   It affects your strength (+2).
   It protects you from fire.
 G - a ring of poison resistance (left hand)
 H - a ring of protection from cold
Scrolls
 h - 2 scrolls of amnesia
 j - 7 scrolls of enchant armour
 m - a scroll of fog
 t - a scroll of fear
 u - a scroll of identify
 F - 2 scrolls of enchant weapon
Potions
 a - a potion of invisibility
 c - 10 potions of curing
 d - 7 potions of heal wounds
 e - 5 potions of mutation
 f - a potion of magic
 g - 3 potions of berserk rage
 n - 2 potions of cancellation
 r - a potion of brilliance
 A - 2 potions of resistance
 B - 3 potions of might


   Skills:
 - Level 3.0 Fighting
 + Level 10.2 Dodging
 + Level 9.5 Stealth
 O Level 27 Spellcasting
 * Level 17.6 Conjurations
 + Level 16.9 Transmutations
 * Level 15.3 Air Magic
 O Level 27 Earth Magic
 + Level 7.1 Evocations


You had 27 spell levels left.
You knew the following spells:

 Your Spells              Type           Power      Damage    Failure   Level
a - Sandblast             Erth           100%       2d20      0%          1
b - Passwall              Tmut/Erth      87%        N/A       0%          2
c - Stone Arrow           Conj/Erth      100%       3d13      0%          3
d - Lee's Rapid Deconstr  Erth           57%        3d27*     0%          5
e - Petrify               Tmut/Erth      100%       N/A       0%          4
f - Shatter               Erth           57%        3d43*     1%          9
g - Lehudib's Crystal Sp  Conj/Erth      53%        10d12     1%          8
h - Chain Lightning       Conj/Air       47%        3d62      21%         9

Your spell library contained the following spells:

 Spells                   Type           Power      Damage    Failure   Level


Dungeon Overview and Level Annotations

Branches:
Dungeon (1/1)

Altars:
Cheibriados
Dithmenos
Elyvilon
Fedhas
Gozag
Hepliaklqana
Kikubaaqudgha
Makhleb
Nemelex Xobeh
Okawaru
Qazlal
Ru
Sif Muna
Trog
Uskayaw
Vehumet
Wu Jian
Xom
Yredelemnul
Zin
The Shining One
Beogh
Jiyva
Lugonu

Shops:
D ([![

Annotations:
D Sojobo


Message History

Unknown command.
Okay, then.
Casting: Petrify (safe; 0% risk of failure)
Confirm with . or Enter, or press ? or * to list all spells.
Okay, then.
Casting: Petrify (safe; 0% risk of failure)
Confirm with . or Enter, or press ? or * to list all spells.
You can't see any susceptible monsters within range! (Use Z to cast anyway.)
Casting: Petrify (safe; 0% risk of failure)
Confirm with . or Enter, or press ? or * to list all spells.
Aiming: Lee's Rapid Deconstruction (safe; 0% risk of failure)
Press: ? - help, Dir - move target, f - you You cannot affect that.
Okay, then.
The air elemental fires a burst of electricity at you.
The stunning burst hits you but does no damage.
You suddenly lose the ability to move!
You can move again.
The air elemental fires a burst of electricity at you.
The stunning burst hits you.
You shrug off the repeated paralysis!
The air elemental fires a burst of electricity at you.
The stunning burst hits you!
You shrug off the repeated paralysis!
Unknown command.
You aren't carrying any items that you can evoke.
Unknown command.
Casting: Lee's Rapid Deconstruction (safe; 0% risk of failure)
Confirm with . or Enter, or press ? or * to list all spells.
Aiming: Stone Arrow (safe; 0% risk of failure)
Press: ? - help, Shift-Dir - straight line, f - air elemental
Aim: an air elemental (summoned, 55% to hit)
The stone arrow hits the air elemental!!
The air elemental is severely damaged.
The air elemental fires a burst of electricity at you.
The stunning burst hits you!
You shrug off the repeated paralysis!
* * * LOW HITPOINT WARNING * * *
Sojobo gestures at you while chanting.
The bolt of lightning hits the air elemental.
The air elemental completely resists.
The bolt of lightning hits you!!!
Ouch! That really hurt!
You die...

)..........).....................
▓▓▓▓♣♣♣♣♣♣♣♣♣♣▓▓▓▓▓▓▓▓▓▓▓▓▓▓▓▓▓▓▓
....[).........).)).)....).)..)..
▓▓▓▓♣♣♣♣♣♣♣♣♣♣▓▓▓▓▓▓▓▓▓▓▓▓▓▓▓▓▓▓▓
...))........)..)................
▓▓▓▓▓▓▓▓▓▓▓▓▓▓▓▓▓▓▓▓▓▓▓▓▓▓▓▓▓▓▓▓▓
)...[[[.[).)..)............))))).
▓▓▓▓▓▓▓▓▓▓▓▓▓▓▓▓▓▓▓▓▓▓▓▓▓▓▓▓▓▓▓▓▓
..EQ.§...Q.....E@................
▓▓▓▓▓▓▓▓▓▓▓▓▓▓▓▓▓▓▓▓▓▓▓▓▓▓▓▓▓▓▓▓▓


You could see Sojobo (repels missiles) and an air elemental (summoned).

Vanquished Creatures
  Boris (D)
  Saint Roka (D)
  A tentacled monstrosity (D)
  A lich (D)
  A sphinx (D)
  Frances (D)
  Kirke (D)
  A tengu reaver (D)
  A fenstrider witch (D)
  4 fire giants (D)
  A ghost moth (D)
  Louise (D)
  2 very ugly things (D)
  3 stone giants (D)
  An ironbound preserver (D)
  An entropy weaver (D)
  A spark wasp (D)
  A bunyip (D)
  3 ettins (D)
  A merfolk javelineer (D)
  A fire dragon (D)
  Josephine (D)
  A merfolk impaler (D)
  4 great orbs of eyes (D)
  An eleionoma (D)
  3 yaktaur captains (D)
  2 naga warriors (D)
  A deep elf high priest (D)
  An ironbound thunderhulk (D)
  A vault guard (D)
  4 boulder beetles (D)
  3 ironbound frosthearts (D)
  A spriggan air mage (D)
  2 ice dragons (D)
  3 ogre magi (D)
  A hydra (D)
  2 death knights (D)
  4 centaur warriors (D)
  A deep troll earth mage (D)
  3 two-headed ogres (D)
  Urug (D)
  An orc high priest (D)
  An iron troll (D)
  2 swamp dragons (D)
  3 deep trolls (D)
  A flayed ghost (D)
  2 glowing orange brains (D)
  3 wizards (D)
  2 harpies (D)
  An ironbound convoker (D)
  2 orb spiders (D)
  2 naga ritualists (D)
  A wolf spider (D)
  2 will-o-the-wisps (D)
  A manticore (D)
  2 ugly things (D)
  A cyclops (D)
  A vault sentinel (D)
  An elephant (D)
  5 black mambas (D)
  A guardian serpent (D)
  A water nymph (shapeshifter) (D)
  2 water nymphs (D)
  5 cane toads (D)
  A gargoyle (D)
  A rime drake (D)
  A komodo dragon (D)
  A yaktaur (D)
  A tengu conjurer (D)
  6 polar bears (D)
  6 trolls (D)
  A wind drake (D)
  A tyrant leech (D)
  A hornet (D)
  3 merfolk (D)
  A blink frog (D)
  A snapping turtle (D)
  3 redbacks (D)
  A spriggan (D)
  A yak (D)
  5 wraiths (D)
  5 hogs (D)
  A warg (D)
  2 nagas (D)
  2 water moccasins (D)
  14 orc warriors (D)
  4 black bears (D)
  A sky beast (D)
  2 bullfrogs (D)
  A howler monkey (D)
  3 orc priests (D)
  A hound (D)
  6 orc wizards (D)
  An ufetubus (D)
  A dart slug (D)
  6 orcs (D)
  A bat (D)
  A bat skeleton (D)
  A giant cockroach (D)
  A jackal (D)
  A ball python zombie (D)
  A kobold (D)
203 creatures vanquished.

Vanquished Creatures (others)
  A vampire mage (D)
  A foxfire (D)
2 creatures vanquished.

Grand Total: 205 creatures vanquished

Notes
Turn   | Place    | Note
-------+----------+-------------------------------------------
     0 | D        | mhtbhm the Deep Elf Earth Elementalist began the quest for
                  | the Orb.
     0 | D        | Reached XP level 1. HP: 10/10 MP: 6/6
    19 | D        | Banished a spatial maelstrom
    78 | D        | Noticed a hound
    78 | D        | Noticed a sky beast
    81 | D        | Killed a hound
    82 | D        | Reached XP level 2. HP: 8/15 MP: 3/9
    82 | D        | Reached XP level 3. HP: 10/19 MP: 3/11
   231 | D        | Learned a level 2 spell: Passwall
   235 | D        | Learned a level 3 spell: Stone Arrow
   241 | D        | Killed a sky beast
   242 | D        | Reached XP level 4. HP: 24/24 MP: 4/14
   244 | D        | Reached skill level 1 in Conjurations
   433 | D        | Found a snail-covered altar of Cheibriados.
   433 | D        | Found a shadowy altar of Dithmenos.
   433 | D        | Found a white marble altar of Elyvilon.
   433 | D        | Found a blossoming altar of Fedhas.
   433 | D        | Found an opulent altar of Gozag.
   434 | D        | Found a hazy altar of Hepliaklqana.
   435 | D        | Found a viscous altar of Jiyva.
   436 | D        | Found an ancient bone altar of Kikubaaqudgha.
   437 | D        | Found a corrupted altar of Lugonu.
   438 | D        | Found a burning altar of Makhleb.
   439 | D        | Found a sparkling altar of Nemelex Xobeh.
   440 | D        | Found an iron altar of Okawaru.
   441 | D        | Found a stormy altar of Qazlal.
   442 | D        | Found a sacrificial altar of Ru.
   443 | D        | Found a shimmering blue altar of Sif Muna.
   444 | D        | Found a bloodstained altar of Trog.
   445 | D        | Found a hide-covered altar of Uskayaw.
   446 | D        | Found a radiant altar of Vehumet.
   447 | D        | Found an ornate altar of the Wu Jian Council.
   448 | D        | Found a shimmering altar of Xom.
   449 | D        | Found a basalt altar of Yredelemnul.
   450 | D        | Found a glowing silver altar of Zin.
   451 | D        | Found a glowing golden altar of the Shining One.
   454 | D        | Became a worshipper of Vehumet
   502 | D        | Noticed a yak
   502 | D        | Noticed a troll
   502 | D        | Noticed a two-headed ogre
   502 | D        | Noticed a two-headed ogre
   507 | D        | Killed a yak
   508 | D        | Reached skill level 5 in Dodging
   508 | D        | Reached skill level 10 in Earth Magic
   508 | D        | Reached XP level 5. HP: 28/28 MP: 13/18
   508 | D        | Reached XP level 6. HP: 32/32 MP: 14/20
   508 | D        | Killed a troll
   509 | D        | Reached skill level 5 in Stealth
   509 | D        | Reached skill level 10 in Spellcasting
   511 | D        | Killed a two-headed ogre
   511 | D        | Reached * piety under Vehumet
   511 | D        | Offered knowledge of Shock by Vehumet.
   512 | D        | Reached skill level 1 in Evocations
   512 | D        | Reached XP level 7. HP: 23/36 MP: 10/25
   512 | D        | Reached XP level 8. HP: 26/41 MP: 10/26
   521 | D        | Killed a two-headed ogre
   792 | D        | Reached ** piety under Vehumet
   827 | D        | Learned a level 5 spell: Lee's Rapid Deconstruction
   832 | D        | Learned a level 4 spell: Petrify
   856 | D        | Noticed a four-headed hydra
   856 | D        | Noticed a manticore
   856 | D        | Noticed a two-headed ogre
   856 | D        | Noticed a cyclops
   856 | D        | Noticed a gargoyle
   856 | D        | Noticed a death knight
   868 | D        | Killed a four-headed hydra
   868 | D        | Offered knowledge of Poisonous Vapours by Vehumet.
   869 | D        | Reached skill level 15 in Spellcasting
   869 | D        | Reached skill level 15 in Earth Magic
   869 | D        | Reached XP level 9. HP: 45/45 MP: 14/30
   870 | D        | Killed a manticore
   975 | D        | Killed a two-headed ogre
  1291 | D        | Killed a cyclops
  1291 | D        | Offered knowledge of Searing Ray by Vehumet.
  1291 | D        | Reached *** piety under Vehumet
  1366 | D        | Killed a gargoyle
  1367 | D        | Reached XP level 10. HP: 50/50 MP: 30/33
  1425 | D        | Killed a death knight
  1872 | D        | Got the ring "Toqedosa" {rF+ Str+2}
  1885 | D        | Noticed a cane toad
  1885 | D        | Noticed a cane toad
  1885 | D        | Noticed a cane toad
  1888 | D        | Offered knowledge of Iskenderun's Mystic Blast by Vehumet.
  1889 | D        | Killed a cane toad
  1889 | D        | Reached **** piety under Vehumet
  1892 | D        | Killed a cane toad
  1894 | D        | Noticed a black mamba
  1896 | D        | Killed a cane toad
  1898 | D        | Killed a black mamba
  1898 | D        | Reached ***** piety under Vehumet
  2138 | D        | Noticed a black mamba
  2138 | D        | Noticed a cane toad
  2140 | D        | Offered knowledge of Fulminant Prism by Vehumet.
  2144 | D        | Noticed an elephant
  2145 | D        | Noticed a cane toad
  2146 | D        | Noticed a black mamba
  2147 | D        | Killed a black mamba
  2148 | D        | Killed a cane toad
  2149 | D        | Reached XP level 11. HP: 54/54 MP: 15/37
  2151 | D        | Reached skill level 5 in Conjurations
  2161 | D        | Reached ****** piety under Vehumet
  2320 | D        | Offered knowledge of Orb of Destruction by Vehumet.
  2756 | D        | Noticed an ettin
  2769 | D        | Killed an ettin
  2773 | D        | Offered knowledge of Iskenderun's Battlesphere by Vehumet.
  3111 | D        | Offered knowledge of Bolt of Magma by Vehumet.
  3121 | D        | Noticed an orc high priest
  3309 | D        | Offered knowledge of Irradiate by Vehumet.
  3466 | D        | Killed an orc high priest
  3570 | D        | Found Giyf's Antique Weapon Emporium.
  3570 | D        | Noticed a deep troll
  3570 | D        | Noticed an ogre mage
  3570 | D        | Noticed a stone giant
  3577 | D        | Killed a deep troll
  3579 | D        | Killed an ogre mage
  3580 | D        | Noticed an ogre mage
  3591 | D        | Killed an ogre mage
  3591 | D        | Offered knowledge of Conjure Ball Lightning by Vehumet.
  3592 | D        | Killed a stone giant
  3593 | D        | Reached XP level 12. HP: 28/60 MP: 18/41
  3872 | D        | Found Reujujusk's Armour Shoppe.
  3876 | D        | Found Jamerr's Distillery.
  3879 | D        | Found Xato's Armour Shoppe.
  4348 | D        | Noticed an ogre mage
  4357 | D        | Killed an ogre mage
  4357 | D        | Offered knowledge of Yara's Violent Unravelling by Vehumet.
  4440 | D        | Bought a +0 cloak of preservation for 138 gold pieces
  4450 | D        | Bought a potion of heal wounds for 70 gold pieces
  4450 | D        | Bought a potion of magic for 112 gold pieces
  4450 | D        | Bought a potion of haste for 140 gold pieces
  4450 | D        | Bought a potion of mutation for 112 gold pieces
  4450 | D        | Bought 2 potions of resistance for 280 gold pieces
  4450 | D        | Bought 2 potions of might for 112 gold pieces
  4450 | D        | Bought a potion of might for 56 gold pieces
  4450 | D        | Bought a potion of curing for 42 gold pieces
  4454 | D        | Bought a crude quarterstaff for 243 gold pieces
  4454 | D        | Identified the +11 quarterstaff of Esithr Lahi {vorpal, rC+
                  | Int+2 Stlth+} (You bought it in a shop in the Dungeon)
  4460 | D        | Bought a +1 cloak of willpower for 214 gold pieces
  4485 | D        | Bought 2 potions of cancellation for 224 gold pieces
  4653 | D        | Noticed a centaur warrior
  4653 | D        | Noticed a centaur warrior
  4653 | D        | Noticed a centaur warrior
  4653 | D        | Noticed a boulder beetle
  4655 | D        | Killed a centaur warrior
  4656 | D        | Killed a centaur warrior
  4657 | D        | Killed a centaur warrior
  4659 | D        | Noticed a stone giant
  4664 | D        | Noticed a death knight
  4666 | D        | Noticed an ettin
  4685 | D        | Killed a boulder beetle
  4953 | D        | Killed a death knight
  4953 | D        | Offered knowledge of Ozocubu's Refrigeration by Vehumet.
  5064 | D        | Killed an ettin
  5156 | D        | Killed a stone giant
  5392 | D        | Reached skill level 5 in Transmutations
  5543 | D        | Noticed a fire giant
  5649 | D        | Killed a fire giant
  5650 | D        | Reached XP level 13. HP: 64/64 MP: 20/45
  5877 | D        | Offered knowledge of Lehudib's Crystal Spear by Vehumet.
  5877 | D        | Offered knowledge of Shatter by Vehumet.
  5877 | D        | Offered knowledge of Chain Lightning by Vehumet.
  5888 | D        | Learned a level 9 spell: Shatter
  5897 | D        | Learned a level 8 spell: Lehudib's Crystal Spear
  5907 | D        | Learned a level 9 spell: Chain Lightning
  6144 | D        | Noticed Josephine
  6146 | D        | Killed Josephine
  6410 | D        | Noticed Frances
  6413 | D        | Killed Frances
  6526 | D        | Noticed an eleionoma
  6526 | D        | Noticed a fenstrider witch
  6526 | D        | Noticed a bunyip
  6530 | D        | Killed an eleionoma
  6530 | D        | Killed a fenstrider witch
  6530 | D        | Killed a bunyip
  6531 | D        | Reached skill level 1 in Fighting
  6531 | D        | Reached skill level 27 in Spellcasting
  6864 | D        | Noticed a merfolk impaler
  6865 | D        | Killed a merfolk impaler
  6953 | D        | Noticed an entropy weaver
  7418 | D        | Killed a ghost moth
  7419 | D        | Reached skill level 27 in Earth Magic
  7419 | D        | Reached XP level 14. HP: 63/74 MP: 2/47
  7839 | D        | Noticed Saint Roka
  7962 | D        | Killed Saint Roka
  7963 | D        | Reached skill level 10 in Conjurations
  8240 | D        | Noticed Urug
  8245 | D        | Killed Urug
  8399 | D        | Noticed Kirke
  8411 | D        | Killed Kirke
  8538 | D        | Noticed a cyan very ugly thing
  8848 | D        | Killed a cyan very ugly thing
  8850 | D        | Reached skill level 5 in Evocations
  8851 | D        | Noticed a fire giant
  8853 | D        | Killed a fire giant
  8853 | D        | Noticed a lich
  8854 | D        | Reached skill level 10 in Transmutations
  8874 | D        | Killed a lich
  8875 | D        | Reached skill level 10 in Air Magic
  9014 | D        | Noticed a red very ugly thing
  9017 | D        | Killed a red very ugly thing
  9077 | D        | Noticed a fire giant
  9079 | D        | Killed a fire giant
  9294 | D        | Noticed a stone giant
  9298 | D        | Killed a stone giant
  9303 | D        | Noticed a fire giant
  9370 | D        | Killed a fire giant
  9792 | D        | Reached skill level 15 in Conjurations
  9792 | D        | Reached XP level 15. HP: 35/78 MP: 32/48
  9798 | D        | Noticed a tentacled monstrosity
  9895 | D        | Killed a tentacled monstrosity
 10442 | D        | Noticed a sphinx
 10576 | D        | Killed a sphinx
 10577 | D        | Reached skill level 15 in Transmutations
 11156 | D        | Noticed Louise
 11159 | D        | Killed Louise
 11337 | D        | Noticed a tengu reaver
 11339 | D        | Noticed Boris
 11341 | D        | Killed Boris
 11341 | D        | Noticed Sojobo
 11342 | D        | Reached skill level 10 in Dodging
 11342 | D        | Reached skill level 15 in Air Magic
 11342 | D        | Killed a tengu reaver
 11344 | D        | Paralysed by an air elemental for 1 turns
 11345 | D        | Noticed a tengu reaver
 11352 | D        | Paralysed by an air elemental for 1 turns
 11355 | D        | Paralysed by an air elemental for 1 turns
 11357 | D        | Killed from afar by Sojobo

Illustrated notes

Levels and vault maps discovered:
D:        linesprint [early_d, line_temple, items_1, d_10, items_2, lair_1,
          lair_end, items_3, orc_1, orc_end, items_4, d_15, swamp_1, shoals_1,
          snake_1, spider_1, d_20, vaults_1, items_5, swamp_end, shoals_end,
          snake_end, spider_end, vaults_end, d_27, items_6, zot_1, zot_end,
          crypt_end, forest_end, elf_end, slime_end, tomb_end, abyss_end,
          pan_hell_end]

Skill      XL: |  1  2  3  4  5  6  7  8  9 10 11 12 13 14 15 |
---------------+----------------------------------------------+-----
Earth Magic    | 6 8 10 13 15 16 18 21 23 27 | 27.0
Dodging        | 3 4 5 7 8 9 10 | 10.2
Stealth        | 3 4 6 7 8 9 |  9.5
Spellcasting   | 4 6 9 12 15 17 20 23 26 27 | 27.0
Conjurations   | 2 3 4 5 6 8 15 17 | 17.6
Evocations     | 1 2 3 5 7 |  7.1
Transmutations | 2 3 5 12 16 | 16.9
Fighting       | 3 |  3.0
Air Magic      | 12 15 | 15.3

Action                   |  1- 3 |  4- 6 |  7- 9 | 10-12 | 13-15 || total
-------------------------+-------+-------+-------+-------+-------++-------
 Cast: Sandblast         |    10 |     8 |       |    11 |     6 ||    35
       Stone Arrow       |     2 |       |     4 |    29 |     9 ||    44
       Lee's Rapid Decon |       |       |    13 |   115 |    55 ||   183
       Petrify           |       |       |     1 |    27 |    25 ||    53
       Shatter           |       |       |       |       |    97 ||    97
       Lehudib's Crystal |       |       |       |       |     9 ||     9
Evoke: Wand              |       |     2 |       |     4 |     4 ||    10
  Use: Scroll            |     1 |       |     1 |     1 |     1 ||     4
       Potion            |       |       |     1 |     2 |     4 ||     7
Armor: Robe              |     4 |       |       |     5 |    18 ||    27
Dodge: Dodged            |     6 |     2 |       |    16 |    16 ||    40

Table legend: (Time is in decaauts) A = Elapsed time spent in this place. B = Non-inter-level travel time spent in this place. C = Inter-level travel time spent in this place. D = Time resting spent in this place. E = Time spent auto-exploring this place. F = Levels seen in this place. G = Mean time per level. A B C D E F G +--------+--------+--------+--------+--------+-----+--------+ Total | 11317 | 11317 | 0 | 7074 | 2061 | 1 | 11317.0 | Dungeon | 11317 | 11317 | 0 | 7074 | 2061 | 1 | 11317.0 | +--------+--------+--------+--------+--------+-----+--------+

Top non-repeatable levels by time:
       D: 11317 daAuts
